 Dungeon Crawl Stone Soup version 0.28-a0-1567-g1695149f81 (webtiles) character file.

Game seed: 12770294069352834536

30 miscthings the Charlatan (level 2, 0/23 HPs)
             Began as a Demigod Artificer on Jan 19, 2022.
             Slain by an adder (2 damage)
             ... on level 2 of the Dungeon.
             The game lasted 00:01:51 (1031 turns).

miscthings the Charlatan (Demigod Artificer)        Turns: 1031, Time: 00:01:52

Health: 0/23       AC:  3    Str: 13    XL:     2   Next: 84%
Magic:  4/4        EV: 11    Int: 13    God:
Gold:   69         SH:  0    Dex: 14    Spells: 1/1 levels left

rFire   . . .      SeeInvis .   w - +2 mace (pain)
rCold   . . .      Faith    .   (no shield)
rNeg    . . .      Spirit   .   b - +0 leather armour
rPois   .          Reflect  .   (no helmet)
rElec   .          Harm     .   (no cloak)
rCorr   .          Rampage  .   (no gloves)
Will    .....                   (no boots)
Stlth   +.........              g - amulet of regeneration
HPRegen 0.87/turn               (no ring)
MPRegen 0.09/turn               (no ring)

@: lethally poisoned (0 -> -1)
A: high mp 1, forlorn, divine attributes
a: no special abilities


You were on level 2 of the Dungeon.
You visited 1 branch of the dungeon, and saw 2 of its levels.

You collected 69 gold pieces.

Inventory:

Hand Weapons
 f - a +0 hunting sling
 w - a +2 mace of pain (weapon)
Missiles
 j - 14 sling bullets
Armour
 b - a +0 leather armour (worn)
 k - a +0 scale mail
Jewellery
 g - an amulet of regeneration (around neck)
Wands
 c - a wand of flame (10) (quivered)
 d - a wand of charming (15)
Scrolls
 a - a scroll of teleportation {unknown}
 h - 2 scrolls of identify {unknown}
 l - a scroll of summoning {unknown}
Potions
 i - a potion of curing {unknown}
Miscellaneous
 e - a piece from Xom's chessboard (15/15)


   Skills:
 + Level 1.5 Fighting
 + Level 2.2 Armour
 + Level 1.4 Dodging
 - Level 0.8 Stealth
 + Level 3.0 Evocations


You had one spell level left.
You didn't know any spells.
Your spell library was empty.

Dungeon Overview and Level Annotations

Branches:
Dungeon (2/15)


Innate Abilities, Weirdness & Mutations

You have an increased reservoir of magic. (+10% MP)
You shall have no god before yourself.
Your divine heritage dramatically boosts your attributes as you level up.


Message History

Press: ? - help, Shift-Dir - straight line, f/p - adder
Aim: an adder (53% to hit)
The puff of flame hits the adder.
The adder is lightly wounded.
You feel very sick. The adder closely misses you. x2
Aiming: Throw Flame
Press: ? - help, Shift-Dir - straight line, f/p - adder
Aim: an adder (lightly wounded, 53% to hit)
The puff of flame misses the adder.
You feel sick. The adder bites you.
* * * LOW HITPOINT WARNING * * *
Aiming: Throw Flame
Press: ? - help, Shift-Dir - straight line, f/p - adder
Aim: an adder (lightly wounded, 53% to hit)
The puff of flame misses the adder.
You feel sick. The adder barely misses you.
Aiming: Throw Flame
Press: ? - help, Shift-Dir - straight line, f/p - adder
Aim: an adder (lightly wounded, 53% to hit)
The puff of flame hits the adder.
The adder is moderately wounded.
You feel sick. The adder misses you. The adder bites you but does no damage.
You feel sick.
You feel sick.
You feel sick.
You feel sick.
You feel sick.
You are no longer poisoned.
The adder closely misses you.
You hit the adder.
The adder is almost dead.
The adder bites you.
* * * LOW HITPOINT WARNING * * *
You are poisoned.
The adder poisons you!
You barely miss the adder.
The adder is almost dead.
You feel sick. The adder bites you.
* * * LOW HITPOINT WARNING * * *
The adder bites you.
You die...

#.# .# #.# ##.. #.# #..# ## #.#
#.. . ## #>####### #.# .# .##
#.#.....# ###.####.###.# ..##
##.#.###.# #.............
...####....###.###.#.##.###.##
...'............@S......)...(..
...####........###.#.##.#.##.#(
..## ##.##...## #.#.##..... .##
####.### #......#(#([ ## #.#
###.##.#.(..!. # #.# #.##..
#.... #.##.# .#.# ... .# . #


You could see an adder.

Vanquished Creatures
  An orc (D:2)
  3 endoplasms
  2 giant cockroaches (D:1)
  A goblin (D:1)
  A hobgoblin (D:2)
  4 quokkas (D:1)
  3 bats (D:1)
  3 frilled lizards (D:1)
  3 kobolds (D:1)
  7 rats
  A spectral goblin (D:1)
29 creatures vanquished.

Notes
Turn   | Place    | Note
-------+----------+-------------------------------------------
     0 | D:1      | miscthings the Demigod Artificer began the quest for the
                  | Orb.
     0 | D:1      | Reached XP level 1. HP: 15/15 MP: 3/3
    45 | D:1      | Reached skill level 1 in Fighting
    50 | D:1      | Reached skill level 1 in Dodging
   249 | D:1      | Reached XP level 2. HP: 23/23 MP: 4/4
   725 | D:1      | Reached skill level 3 in Evocations
  1031 | D:2      | Slain by an adder

Illustrated notes

Levels and vault maps discovered:
D:1:      pf_arrival_petrified_forest, layout_basic,
          dreamdust_ecumenical_altar_drowned_temple,
          kennysheep_decorative_pillar, minmay_hexomino_f4
D:2:      minmay_evil_eye, layout_loops_corners, minmay_diced_spiral

Skill      XL: |  1  2 |
---------------+-------+-----
Fighting       | 1 |  1.5
Dodging        | 1 |  1.4
Armour         | 2 |  2.2
Evocations     | 3 |  3.0
Stealth        | |  0.8

Action                   || total
-------------------------++-------
Melee: Dagger            ||    58
       Club              ||    12
       Mace              ||    15
       Punch             ||     1
 Fire: Hunting sling     ||    11
Evoke: Wand              ||     5
Armor: Leather armour    ||    34
Dodge: Dodged            ||    74

Table legend: (Time is in decaauts)
 A = Elapsed time spent in this place.
 B = Non-inter-level travel time spent in this place.
 C = Inter-level travel time spent in this place.
 D = Time resting spent in this place.
 E = Time spent auto-exploring this place.
 F = Levels seen in this place.
 G = Mean time per level.
                   A        B        C        D        E       F      G
               +--------+--------+--------+--------+--------+-----+--------+
         Total |   1046 |    982 |     64 |      0 |    711 |   2 |  523.0 |
       Dungeon |   1046 |    982 |     64 |      0 |    711 |   2 |  523.0 |
               +--------+--------+--------+--------+--------+-----+--------+

Top non-repeatable levels by time:
     D:1: 939 daAuts
     D:2: 107 daAuts
